Map: Blackburn LE

Players

MeomaikA

  • Race: Zerg Zerg

Seither - Winner!

  • Race: Terran Terran

Event: DreamHack SC2 Masters 2021 Winter

VOD

Have the link to the VOD?

Description

Time

  • Played on: Sept. 30, 2021, 4:59 a.m.
  • Length: 15:22

All games in this series

Show
View Real Time Build Order
Export as new Build Order

MeomaikA Zerg 

Build Orders: Pool First 

Get SALT Encoding   

  12  0:00  Drone  
  13  0:07  Drone  
  14  0:16  Overlord  
  14  0:23  Drone, Extractor  
  15  0:34  Drone x2  
  17  0:44  Spawning Pool  
  17  0:47  Drone  
  17  1:08  Hatchery  
  17  1:10  Drone  
  17  1:12  Extractor  
  17  1:15  Drone  
  17  1:19  Drone  
  18  1:30  Queen  
  18  1:32  Zergling x2  
  21  1:37  Drone  
  22  1:47  Overlord  
  22  2:06  Queen  
  22  2:07  Drone  
  25  2:09  Drone  
  25  2:12  Metabolic Boost  
  26  2:20  Drone x2  
  28  2:31  Drone x2  
  30  2:38  Queen  
  30  2:40  Zergling x2  
  30  2:42  Queen  
  30  2:43  Zergling x2  
  36  2:46  Zergling x2  
  36  2:49  Zergling x2  
  36  2:54  Overlord  
  36  3:02  Overlord  
  36  3:14  Drone x2  
  36  3:15  Drone  
  36  3:17  Drone  
  36  3:18  Drone x3  
  43  3:24  Drone  
  43  3:25  Drone  
  45  3:35  Drone x2  
  47  3:48  Drone  
  48  3:50  Drone, Zergling x4  
  48  3:51  Hatchery, Zergling x2  
  48  3:54  Zergling x2  
  48  3:55  Zergling x2  
  51  3:57  Zergling x2  
  51  4:01  Overlord  
  52  4:09  Evolution Chamber  
  51  4:11  Drone, Evolution Chamber  
  50  4:21  Zergling x2  
  50  4:22  Zergling x8  
  50  4:23  Drone  
  56  4:27  Drone  
  57  4:31  Drone  
  57  4:32  Drone x2  
  60  4:40  Zerg Ground Armor Level 1  
  60  4:41  Zerg Melee Weapons Level 1  
  60  4:42  Overlord x2  
  60  4:50  Extractor  
  60  4:52  Baneling Nest  
  58  4:53  Zergling x2  
  58  4:58  Zergling x2  
  58  4:59  Zergling x4  
  59  5:04  Drone x4  
  59  5:06  Zergling x2  
  62  5:09  Zergling x2  
  62  5:14  Drone x2  
  65  5:21  Lair  
  65  5:22  Zergling x4  
  65  5:24  Zergling x2  
  68  5:29  Drone x3  
  68  5:32  Drone  
  68  5:34  Drone  
  73  5:36  Drone  
  73  5:38  Zergling x2  
  73  5:39  Zergling x2  
  73  5:41  Drone  
  77  5:44  Zergling x4  
  79  5:50  Baneling x6  
  79  5:51  Baneling  
  79  5:52  Zergling x2  
  79  5:53  Zergling x2  
  79  5:55  Zergling x2  
  79  5:56  Drone  
  77  5:58  Drone  
  77  5:59  Zergling x2  
  77  6:00  Zergling x2  
  77  6:02  Zergling x2  
  77  6:03  Zergling x2  
  82  6:10  Overlord  
  82  6:24  Zergling x4  
  67  6:26  Zergling x2  
  67  6:27  Zergling x2  
  67  6:28  Zergling x16  
  67  6:29  Zergling x4  
  67  6:30  Zergling x4  
  72  6:32  Zergling x2  
  72  6:37  Zergling x2  
  73  6:40  Zergling x4  
  73  6:41  Zergling x4  
  73  6:44  Hatchery  
  76  6:50  Zergling x2  
  76  6:52  Zerg Ground Armor Level 2  
  73  6:54  Overlord  
  73  7:03  Overlord x2  
  73  7:09  Overlord  
  73  7:12  Zerg Melee Weapons Level 2, Overlord  
  73  7:13  Zergling x2  
  73  7:14  Zergling x2  
  73  7:15  Hatchery  
  74  7:17  Drone x2  
  74  7:18  Zergling x2  
  74  7:20  Zergling x4  
  74  7:21  Zergling x2  
  80  7:24  Zergling x2  
  80  7:26  Zergling x4  
  80  7:27  Zergling x2  
  80  7:28  Zergling x2  
  85  7:31  Centrifugal Hooks  
  85  7:36  Zergling x4  
  88  7:37  Zergling x6  
  88  7:43  Queen  
  87  7:46  Zergling x4  
  87  7:48  Zergling x2  
  87  7:49  Zergling x2  
  87  7:50  Zergling x2  
  87  7:51  Zergling x2  
  93  7:52  Zergling x2  
  93  7:55  Drone x2  
  93  7:58  Zergling x2  
  93  8:02  Drone x2  
  93  8:04  Zergling x4  
  95  8:07  Drone  
  95  8:08  Drone  
  95  8:10  Zergling x2  
  95  8:11  Drone  
  95  8:12  Drone  
  100  8:18  Zergling x8  
  100  8:19  Zergling x2  
  104  8:22  Zergling x2  
  104  8:23  Zergling x2  
  105  8:27  Drone x2  
  107  8:34  Baneling x4  
  107  8:35  Baneling x6  
  107  8:36  Zergling x2  
  107  8:37  Zergling x2  
  107  8:39  Zergling x2  
  107  8:41  Zergling x2  
  111  8:42  Zergling x2  
  111  8:43  Zergling x2  
  111  8:44  Zergling x2  
  111  8:45  Zergling x2  
  111  8:47  Zergling x2  
  111  8:48  Zergling x2  
  116  8:50  Baneling x3  
  116  8:52  Zergling x4  
  116  8:55  Zergling x4  
  120  8:56  Baneling  
  119  9:08  Zergling x2  
  119  9:09  Zergling x2  
  103  9:11  Zergling x4  
  103  9:12  Zergling x2  
  103  9:13  Zergling x4  
  103  9:14  Zergling x6  
  103  9:15  Zergling x6  
  103  9:16  Zergling x6  
  103  9:17  Zergling x2  
  103  9:22  Drone x2  
  103  9:23  Drone  
  107  9:25  Drone x2  
  107  9:30  Drone  
  110  9:34  Drone  
  110  9:37  Zergling x6  
  112  9:40  Zergling x4  
  112  9:41  Zergling x2  
  112  9:46  Zergling x4  
  112  9:47  Zergling x2  
  112  9:49  Zergling x2  
  112  9:50  Infestation Pit  
  112  9:51  Baneling x9  
  115  9:54  Zergling x6  
  115  9:56  Zergling x2  
  119  10:06  Overlord x2  
  119  10:12  Zergling x6  
  119  10:13  Zergling x2  
  119  10:14  Zergling x4  
  118  10:19  Baneling  
  118  10:20  Baneling x5  
  119  10:24  Zergling x8  
  119  10:26  Zergling x4  
  125  10:29  Extractor  
  125  10:30  Hatchery  
  125  10:31  Zergling x6  
  126  10:37  Zergling x4  
  126  10:38  Zergling x6  
  124  10:44  Zergling x2  
  124  10:45  Zergling x4  
  124  10:46  Zergling x2  
  124  10:47  Zergling x4  
  124  10:48  Zergling x2  
  124  10:49  Zergling x2  
  109  10:50  Zergling x2  
  109  10:52  Zergling x2  
  109  10:53  Zergling x2  
  109  10:55  Zergling x2  
  109  10:56  Zergling x2  
  104  10:58  Zergling x4  
  104  10:59  Zergling x2  
  91  11:06  Zergling x4  
  91  11:07  Zergling x2  
  91  11:08  Zergling x8  
  91  11:10  Zergling x2  
  91  11:11  Zergling x2  
  87  11:13  Drone  
  87  11:14  Drone  
  87  11:16  Drone  
  87  11:17  Drone  
  87  11:18  Drone  
  92  11:22  Drone  
  93  11:26  Drone x2  
  93  11:28  Drone  
  93  11:31  Extractor  
  93  11:32  Drone x3  
  98  11:33  Drone  
  98  11:37  Drone  
  98  11:39  Drone x2  
  102  11:44  Hive  
  102  11:47  Drone  
  102  11:48  Zergling x2  
  102  11:49  Zergling x2  
  102  11:50  Spore Crawler  
  102  11:51  Zergling x2  
  102  11:52  Zergling x2  
  102  11:53  Zergling x2  
  106  11:55  Zergling x2  
  106  11:56  Zergling x2  
  106  11:57  Zergling x2  
  106  11:59  Zergling x4  
  106  12:01  Zergling x2  
  112  12:02  Zergling x2  
  112  12:03  Zergling x2  
  112  12:04  Zergling x2  
  112  12:06  Zergling x4  
  112  12:07  Zergling x2  
  118  12:09  Zergling x2  
  118  12:10  Zergling x2  
  118  12:11  Drone  
  121  12:17  Baneling x13  
  121  12:18  Baneling  
  121  12:21  Zergling x6  
  121  12:22  Zergling x2  
  125  12:23  Zergling x2  
  125  12:26  Zergling x6  
  125  12:28  Overlord  
  129  12:30  Drone x2  
  131  12:37  Zergling x4  
  131  12:38  Zergling x2, Overlord x2  
  134  12:44  Baneling x15  
  134  12:47  Zergling x4  
  134  12:48  Zergling x4  
  134  12:49  Zergling x2  
  139  12:52  Zergling x2  
  139  12:53  Zergling x2  
  139  12:54  Zergling x2  
  139  12:57  Zergling x6  
  139  12:58  Zergling x2, Spore Crawler  
  145  13:09  Zergling x2  
  145  13:10  Zergling x14  
  145  13:11  Zergling x4  
  155  13:13  Zergling x4  
  155  13:18  Zergling x2  
  157  13:20  Zergling x6  
  157  13:21  Zergling x4  
  157  13:22  Zergling x6  
  157  13:23  Zergling x2  
  157  13:25  Zergling x2  
  157  13:26  Zergling x2  
  156  13:28  Baneling  
  156  13:29  Baneling x9  
  156  13:30  Baneling x2  
  156  13:31  Baneling  
  156  13:33  Zergling x2  
  157  13:39  Zergling x4  
  156  13:42  Zergling x2, Spore Crawler  
  156  13:44  Zergling x2  
  156  13:51  Zergling x2  
  156  13:52  Zergling x2  
  156  13:53  Overlord  
  157  13:58  Zergling x4  
  157  14:00  Overseer, Spore Crawler  
  157  14:01  Zergling x6  
  153  14:03  Zergling x4  
  153  14:07  Zergling x4  
  157  14:10  Zergling x2  
  157  14:12  Zergling x14  
  157  14:14  Zergling x2  
  157  14:15  Zergling x2  
  157  14:16  Zergling x2  
  165  14:27  Zergling x2  
  163  14:36  Zergling x2  
  163  14:37  Zergling x2, Overlord  
  165  14:39  Baneling x16  
  165  14:40  Baneling x2  
  157  14:46  Zergling x2  
  157  14:47  Zergling x2  
  157  14:49  Zergling x6  
  157  14:51  Zergling x4  
  105  14:55  Zergling x2  
  105  14:56  Zergling x6  
  105  14:59  Zergling x4  
  91  15:00  Zergling x2  
  91  15:01  Zergling x2  
  91  15:03  Zergling x4  
Show
View Real Time Build Order
Export as new Build Order

Seither Terran - Winner!

Build Orders:  

Get SALT Encoding   

  12  0:00  SCV  
  13  0:12  SCV  
  14  0:17  Supply Depot  
  14  0:24  SCV  
  15  0:38  SCV  
  15  0:40  Barracks  
  16  0:44  Refinery  
  16  0:50  SCV  
  17  0:59  Barracks  
  17  1:03  SCV  
  18  1:15  SCV  
  19  1:28  Reaper, Orbital Command  
  20  1:36  Supply Depot  
  20  1:46  Reaper  
  21  1:55  SCV  
  22  2:04  Reaper  
  22  2:08  SCV  
  24  2:15  Command Center  
  24  2:21  Refinery  
  24  2:22  SCV  
  25  2:29  Barracks Reactor  
  25  2:34  SCV  
  26  2:38  Supply Depot, Barracks Tech Lab  
  26  2:47  SCV  
  27  2:58  Marine  
  28  2:59  SCV  
  28  3:01  Factory  
  29  3:07  Marine  
  29  3:08  Marine  
  29  3:11  SCV  
  32  3:18  Stimpack  
  32  3:19  Marine  
  33  3:23  SCV  
  33  3:25  Marine x2  
  36  3:29  Orbital Command  
  36  3:35  SCV  
  36  3:38  Marine  
  38  3:43  Marine x2  
  38  3:47  SCV  
  41  3:52  Bunker  
  41  3:54  Starport  
  41  3:55  Factory Reactor  
  41  3:57  SCV  
  42  4:03  Marine x2  
  42  4:04  Marine  
  45  4:11  SCV x2  
  47  4:24  Supply Depot, SCV x2  
  47  4:25  Marine  
  47  4:26  Marine x2  
  52  4:36  SCV  
  52  4:37  SCV  
  53  4:43  Factory Tech Lab, Marine  
  53  4:45  Medivac x2, Marine x2  
  60  4:49  Supply Depot, SCV  
  60  4:50  SCV  
  62  5:03  Marine  
  62  5:04  Combat Shield, Marine  
  61  5:07  Refinery  
  61  5:10  SCV  
  61  5:11  SCV, Engineering Bay  
  61  5:14  Supply Depot  
  63  5:21  Barracks  
  63  5:22  SCV  
  63  5:23  SCV  
  63  5:26  Supply Depot  
  63  5:27  Supply Depot  
  65  5:29  Siege Tank  
  65  5:35  Marine x3  
  68  5:37  SCV x2  
  68  5:41  Terran Infantry Weapons Level 1  
  72  5:49  SCV x2  
  74  5:50  Medivac  
  74  5:53  Marine x2  
  78  5:59  Marine  
  78  6:01  SCV x2  
  81  6:05  Supply Depot  
  81  6:10  Marine  
  81  6:11  Siege Tank, Marine x3  
  85  6:13  SCV x2  
  85  6:16  Refinery  
  85  6:17  Marine  
  88  6:28  SCV x2  
  88  6:30  Marine  
  86  6:35  Supply Depot  
  86  6:36  Supply Depot  
  86  6:48  SCV  
  86  6:50  SCV, Marine x3  
  86  6:56  Siege Tank, Marine x2  
  86  6:57  Supply Depot  
  86  6:58  Supply Depot  
  91  7:03  Medivac  
  91  7:07  Marine  
  91  7:08  SCV x2, Command Center, Marine x2  
  97  7:14  Marine x2  
  100  7:18  Supply Depot  
  100  7:20  SCV x2  
  100  7:21  Supply Depot  
  102  7:25  Marine x2  
  102  7:26  Marine  
  105  7:31  Armory  
  105  7:32  SCV x2  
  105  7:35  Siege Tank  
  105  7:36  Starport Reactor  
  111  7:44  SCV  
  111  7:45  Marine  
  111  7:46  Marine x3  
  111  7:47  Terran Infantry Armor Level 1  
  111  7:50  Engineering Bay  
  115  7:57  Marine  
  116  8:00  SCV  
  116  8:01  SCV  
  116  8:03  Marine  
  119  8:06  Marine x3  
  122  8:14  Barracks  
  122  8:15  Marine  
  122  8:16  SCV x2, Barracks  
  122  8:17  Siege Tank  
  128  8:21  Marine  
  128  8:24  Orbital Command  
  128  8:26  Terran Infantry Weapons Level 2  
  129  8:28  SCV x2  
  129  8:34  Marine x4  
  131  8:39  Liberator, Marine  
  139  8:43  Liberator  
  139  8:45  Orbital Command  
  139  8:48  SCV x2  
  144  8:52  Marine x3  
  144  8:54  Marine  
  148  8:57  Marine  
  148  9:02  SCV  
  149  9:04  Supply Depot, Barracks Reactor x2  
  149  9:06  Supply Depot  
  149  9:08  SCV  
  149  9:09  Marine  
  114  9:18  SCV x2  
  114  9:20  Marine x4  
  120  9:27  Marine  
  121  9:33  Bunker  
  121  9:35  Medivac x2, Siege Tank  
  121  9:38  Marine x4  
  130  9:41  Factory  
  130  9:42  Marine x2  
  130  9:45  Drilling Claws  
  134  9:47  SCV x3  
  134  9:51  Supply Depot  
  134  9:52  Supply Depot x2  
  137  9:54  Marine x3  
  137  9:55  Marine  
  137  9:59  Supply Depot x2  
  141  10:00  SCV x3  
  144  10:09  Marine x4  
  144  10:10  Command Center  
  145  10:22  Marine x4  
  145  10:23  Marine  
  145  10:24  Siege Tank  
  145  10:25  SCV  
  145  10:26  SCV x2  
  145  10:27  Factory Reactor  
  156  10:28  Supply Depot  
  156  10:29  Supply Depot  
  156  10:37  Marine x4  
  160  10:48  Marine x5  
  135  10:54  Marine x2  
  135  10:55  Marine x2, Orbital Command  
  117  11:06  Marine x5  
  102  11:12  Marine x2  
  102  11:13  Marine x2  
  102  11:16  Widow Mine x3  
  102  11:17  Medivac x2  
  116  11:20  SCV x3  
  116  11:24  Marine x5  
  123  11:26  Terran Infantry Weapons Level 3  
  123  11:30  Marine x4  
  123  11:32  SCV x3  
  130  11:41  Marine x2  
  130  11:42  Marine x3  
  130  11:44  SCV x3  
  130  11:46  Bunker  
  134  11:48  Marine x2  
  134  11:50  Marine x2  
  134  11:51  Widow Mine x2  
  134  11:52  Widow Mine  
  144  11:57  SCV x2  
  144  11:58  SCV  
  144  11:59  Marine x2  
  144  12:00  Supply Depot, Marine x3  
  152  12:09  Liberator x2  
  152  12:12  Marine x3  
  152  12:13  Marine  
  162  12:17  Marine  
  162  12:18  SCV x2  
  162  12:19  SCV  
  162  12:21  Supply Depot  
  166  12:24  Widow Mine  
  166  12:25  Widow Mine x2  
  166  12:28  Engineering Bay  
  171  12:38  Marine x3  
  171  12:39  Marine x4  
  178  12:46  Widow Mine x3  
  178  12:51  Refinery  
  184  12:52  Refinery  
  184  12:55  Sensor Tower  
  184  12:56  Command Center  
  184  12:59  Orbital Command  
  184  13:01  Marine x4  
  188  13:09  Barracks  
  188  13:12  Barracks  
  188  13:13  Barracks  
  171  13:27  Sensor Tower  
  171  13:32  Marauder, Marine x5  
  171  13:33  Bunker  
  171  13:34  Widow Mine x2  
  182  13:35  Liberator x2  
  182  13:39  Marine x3  
  191  13:42  Widow Mine  
  187  14:05  Bunker  
  187  14:10  Barracks Tech Lab, Command Center  
  187  14:11  Barracks Tech Lab x2  
  184  14:17  Ghost Academy  
  184  14:22  Sensor Tower  
  183  14:32  Sensor Tower  
  183  14:37  Marauder, Marine x2  
  185  14:39  Marauder x3  
  190  14:49  Marine x2  
  190  14:50  Marine x4  
  179  14:55  Marine  
  179  14:57  Marine  
  179  14:59  Marauder  
  175  15:00  Marauder  
  175  15:01  Marauder  

Tags
 
Add a new tag
Caveats
  • Supply blocks, unpowered buildings, or Contaminate may cause inaccurate times.
  • Supply counts are checked every 10 seconds.